 Dungeon Crawl Stone Soup: Circus Animals version 1.7-37-g2c94cca (webtiles) character file.

10 Ihatecarrots00 the Ducker (level 4, 69/69 (70) HPs) *EASY*
             Began as a Vampire Ice Elementalist on Sept 19, 2016.
             Quit the game on level 3 of the Dungeon.
             The game lasted 00:17:29 (3251 turns).

Ihatecarrots00 the Ducker (VpIE)                    Turns: 3251, Time: 00:17:30

HP:   69/69 (70)    AC:  5    Str:  8    XL:     4   Next: 51%
MP:   100/100       EV: 14    Int: 17    God:
Gold: 177           SH:  0    Dex: 14    Spells: 4 memorised, 0 levels left

rFire  . . .     rPois    +     (no weapon)
rCold  + . .     rElec    .     d - +0 ring mail
rNeg   + + .     rCorr    .     (no shield) MagicSh . . . SeeInvis +
                                (no helmet) StaminaSh . . . Faith .
                                (no cloak) RegenHP +.........
SustAt .                        (no gloves) RegenSP +++....... Dismiss .
                                (no boots) RegenMP +++....... Reflect .
                                (no amulet)
MR     .....     Harm     .     (no ring)
Stlth  ++........               b - +4 ring of evasion

@: power, regenerating slowly, slow, not resistant to hostile enchantments,
unstealthy
A: fangs 3, see invisible, unbreathing
a: Bat Form


You were on level 3 of the Dungeon.
You were thirsty.

You visited 1 branch of the dungeon, and saw 3 of its levels.

You collected 177 gold pieces.

Inventory:

Armour
 a - a +0 robe
 c - a +0 plate armour
 d - a +0 ring mail (worn)
Jewellery
 b - a +4 ring of evasion (left hand)
 e - an uncursed ring of see invisible
Scrolls
 f - a scroll of noise
 l - 3 scrolls of remove curse
 m - a scroll of immolation
 n - a scroll of enchant armour {unknown}
 o - a scroll of magic mapping
 p - a scroll of enchant weapon
 r - a scroll of amnesia {unknown}
Potions
 b - 14 potions of blood
 c - 4 potions of heal wounds
 d - 5 potions of stamina
 e - 6 potions of magic
 g - 2 potions of flight
 h - 2 potions of degeneration {unknown}
 i - a potion of haste {unknown}
 j - 2 potions of resistance {unknown}
 k - 2 potions of lignification {unknown}
 s - 2 potions of agility {unknown}
 t - 2 potions of curing {unknown}
 u - a potion of might {unknown}
Books
 a - a book of Frost

   Spells                             Type                      Level
   a - Freeze                         Ice                          1
   b - Throw Frost                    Conjuration/Ice              2
   c - Ozocubu's Armour               Charms/Ice                   3
   d - Throw Icicle                   Conjuration/Ice              4
   e - Summon Ice Beast               Ice/Summoning                4
 q - a book of Maledictions

   Spells                             Type                      Level
   a - Corona                         Hexes/Light                  1
   b - Ensorcelled Hibernation        Hexes/Ice/Time               2
   c - Confuse                        Hexes/Darkness               3
   d - Tukima's Dance                 Hexes/Summoning              3
   e - Dazzling Spray                 Conjuration/Hexes/Light      3


   Skills:
 + Level 3.6 Dodging
 + Level 2.9 Stealth
 + Level 2.8 Spellcasting
 - Level 0.6 Conjurations
 + Level 3.3 Ice Magic


You couldn't memorise any spells.
You knew the following spells:

 Your Spells              Type           Power        Failure   Level  Hunger
a - Freeze                Ice            #.........   7%          1    ##.....
b - Throw Frost           Conj/Ice       #.........   13%         2    ###....
c - Ozocubu's Armour      Chrm/Ice       #.........   25%         3    ###....
d - Ensorcelled Hibernat  Hex/Ice/Time   #.........   13%         2    ###....


Dungeon Overview and Level Annotations

Branches:
Dungeon (3/7)

Altars:


Innate Abilities, Weirdness & Mutations

You heal slowly.
You have razor-sharp teeth.
You have supernaturally acute eyesight. (SInv)
You can survive without breathing.


Message History

The orc completely misses you.
The puff of frost misses the orc.
The giant cockroach completely misses you.
The orc completely misses you.
The giant cockroach completely misses you.
The orc completely misses you.
The puff of frost hits the orc. (mon hp-22)
You kill the orc!
The giant cockroach bites you but does no damage.
The giant cockroach completely misses you.
The puff of frost hits the giant cockroach. (mon hp-4)
You kill the giant cockroach!
You see here a short sword.
Things that are here:
a flail; an orc corpse You see here a worm corpse.
b - 14 potions of blood (gained 1)
You see here a giant newt corpse.
Exploring the dungeon...
Found a stone staircase leading down.
Exploring the dungeon...
You are feeling thirsty.
Are you sure you want to abandon this character and quit the game? (Confirm with "yes".)

........# #..#.#.# #.....#
........# #....#.####.#.#.#######
......†.# #.............#.).†....
......).###.#..#.####.###########
...##.####..#..#.# #........
...##.......#..#.# #..######
...#######.##..#.# #..# ...
#.##..#.# #..# ... #.##..#@# #..#
... #.##.>........#
..#####.####.## ### #.# #.# #.#
#.# #.#


There were no monsters in sight!

Vanquished Creatures
  Robin (D:2)
  3 giant geckos
  3 orcs (D:3)
  4 adders
  A ball python (D:1)
  13 bats
  6 giant cockroaches
  8 goblins
  8 hobgoblins
  5 kobolds
  3 quokkas
  5 giant newts
  An ooze (D:2)
  6 rats
  3 worms
70 creatures vanquished.

Notes
Turn   | Place    | Note
-------+----------+-------------------------------------------
     0 | D:1      | Ihatecarrots00 the Vampire Ice Elementalist began the quest for the Orb.
     0 | D:1      | Reached XP level 1. HP: 37/37 MP: 100/100
   630 | D:1      | Reached XP level 2. HP: 47/47 MP: 92/100
   937 | D:1      | Reached XP level 3. HP: 56/58 MP: 87/100
  1409 | D:1      | Learned a level 2 spell: Throw Frost
  1511 | D:1      | Learned a level 3 spell: Ozocubu's Armour
  1673 | D:2      | Noticed Robin
  1740 | D:2      | Killed Robin
  2307 | D:2      | Reached XP level 4. HP: 69/69 MP: 68/100
  3017 | D:3      | Learned a level 2 spell: Ensorcelled Hibernation
  3251 | D:3      | Quit the game

Skill      XL: |  1 |
---------------+----+-----
Stealth        | 2 |  2.9
Dodging        | |  3.6
Spellcasting   | |  2.8
Conjurations   | |  0.6
Ice Magic      | |  3.3

Action                   |  1- 3 |  4- 6 || total
-------------------------+-------+-------++-------
Melee: Unarmed           |   249 |    27 ||   276
       Bite              |    14 |     5 ||    19
 Cast: Freeze            |    13 |       ||    13
       Throw Frost       |    19 |    38 ||    57
       Ozocubu's Armour  |     2 |       ||     2
       Ensorcelled Hiber |       |     6 ||     6
 Abil: End Transformatio |     1 |       ||     1
       Bat Form          |     1 |       ||     1
  Use: Scroll            |     4 |     3 ||     7
       Potion            |     5 |     3 ||     8
 Stab: Sleeping          |     2 |     1 ||     3
       Distracted        |     1 |       ||     1
Armor: Robe              |     2 |       ||     2
       Plate armour      |    78 |     7 ||    85
       Ring mail         |       |     7 ||     7
Dodge: Dodged            |   248 |    24 ||   272
